 Dungeon Crawl Stone Soup version 0.25.0-26-g0c896c7088 (webtiles) character file.

Game seed: 5382934364430203874

184 xccam the Insei (level 5, -2/33 HPs)
             Began as an Octopode Transmuter on July 1, 2020.
             Killed by nerve-wracking pain
             ... invoked by Grinder
              (14 damage)
             ... while paralysed by Grinder
             ... on level 4 of the Dungeon.
             The game lasted 00:03:09 (4184 turns).

xccam the Insei (Octopode Transmuter)               Turns: 4184, Time: 00:03:10

Health: -2/33      AC:  1    Str: 10    XL:     5   Next: 63%
Magic:  8/8        EV:  2    Int: 15    God:
Gold:   104        SH:  0    Dex: 13    Spells: 7/8 levels left

rFire    . . .     SeeInvis .     - Unarmed
rCold    . . .     Gourm    .   (no shield)
rNeg     . . .     Faith    .   (helmet restricted)
rPois    .         Spirit   .   j - amulet of magic regeneration
rElec    .         Reflect  .   o - ring of flight
rCorr    .         Harm     .   p - +4 ring of slaying
MR       .....                  (no ring)
Stlth    ++........             (no ring)
HPRegen  0.11/turn              (no ring)
MPRegen  0.36/turn              (no ring)
                                (no ring)
                                (no ring)

@: paralysed, appendage (expiring)
A: almost no armour, stealthy swim, amphibious, 8 rings, constrict 8, tentacle
spike 3, camouflage 1, gelatinous body 1
a: End Transformation, Evoke Flight


You were on level 4 of the Dungeon.
You were not hungry.
One of your tentacles had a temporary spike.
You visited 1 branch of the dungeon, and saw 4 of its levels.

You collected 104 gold pieces.

Inventory:

Missiles
 a - 94 arrows
Jewellery
 j - an amulet of magic regeneration (around mantle)
 o - a ring of flight (left tentacle)
 p - a +4 ring of slaying (right tentacle)
Scrolls
 b - a scroll of fog
 d - 3 scrolls of identify
 e - a scroll of magic mapping
 f - 2 scrolls of blinking
 h - 2 scrolls of teleportation
 i - 2 scrolls of amnesia
 l - a scroll of remove curse
Potions
 g - 3 potions of flight
 k - a potion of heal wounds
 n - a potion of haste
 q - a potion of invisibility
Comestibles
 c - 2 rations


   Skills:
 - Level 1.0 Fighting
 - Level 2.0 Dodging
 - Level 6.0 Unarmed Combat
 + Level 2.1 Spellcasting
 + Level 2.2 Transmutations


You had 7 spell levels left.
You knew the following spells:

 Your Spells              Type           Power        Failure   Level  Hunger
a - Beastly Appendage     Tmut           #.....       9%          1    #......

Your spell library contained the following spells:

 Spells                   Type           Power        Failure   Level  Hunger
 Sticks to Snakes         Tmut           #.......     13%         2    ###....
 Spider Form              Tmut/Pois      #.........   38%         3    ###....
 Ice Form                 Ice/Tmut       #.......     80%         4    #####..
 Blade Hands              Tmut           #.........   94%         5    ######.


Dungeon Overview and Level Annotations

Branches:
Dungeon (4/15)
 Temple: D:4-7

Altars:
Xom

Annotations:
D:4 Grinder


Innate Abilities, Weirdness & Mutations

You cannot wear most types of armour.
You are very stealthy in the water. (Stealth+)
You are amphibious.
You can wear up to eight rings at the same time.
You can use your tentacles to constrict eight enemies at once.
Your skin changes colour to match your surroundings (Stealth+).
Your rubbery body absorbs attacks. (AC +1, EV +1)
One of your tentacles bears a large vicious spike.


Message History

You bludgeon Grinder! You grab Grinder.
Grinder is moderately wounded.
You constrict Grinder, but do no damage.
Grinder hits you.
You writhe in agony.
Unknown command.
You bludgeon Grinder!
Grinder is heavily wounded.
Your transformation is almost over.
You constrict Grinder.
Unknown command.
You tentacle-slap Grinder.
You pierce Grinder.
You tentacle-slap Grinder! You squeeze Grinder.
Grinder is almost dead.
You constrict Grinder. Grinder gestures at you.
You suddenly lose the ability to move!
You lose your grip on Grinder.
Grinder blinks!
Grinder gestures at you. Pain shoots through your body!
You die...

####### #.# #......
#.# ..#.#.##### #.#
..#.#.#####
#.######.#.#......
#.#....#.#.#######
#.#.##.#.#.# #
#######.#.##.#.#.# #
......ยง@.!..>#.#.##
#
#######.#.........#
# #...####.#..# #
#.... ...#..# #
#..(######..# #
#.5.# #>.# # #...#
#..# # #...# #..# #
#..# #


You could see Grinder.

Vanquished Creatures
  An orc wizard (D:4)
  A worker ant (D:2)
  6 adders
  2 worms
  A dart slug (D:2)
  2 leopard geckos (D:2)
  3 orcs
  7 bats
  A giant cockroach (D:1)
  5 goblins
  8 hobgoblins
  9 jackals
  A quokka (D:2)
  A ball python (D:1)
  2 frilled lizards (D:2)
  11 kobolds
  2 rats (D:3)
63 creatures vanquished.

Notes
Turn   | Place    | Note
-------+----------+-------------------------------------------
     0 | D:1      | xccam the Octopode Transmuter began the quest for the Orb.
     0 | D:1      | Reached XP level 1. HP: 13/13 MP: 3/3
   193 | D:1      | Reached XP level 2. HP: 5/18 MP: 5/5
  1254 | D:2      | Reached skill level 4 in Unarmed Combat
  1254 | D:2      | Reached XP level 3. HP: 18/23 MP: 4/6
  1407 | D:2      | Found a shimmering altar of Xom.
  1642 | D:2      | Reached XP level 4. HP: 8/28 MP: 5/7
  1927 | D:2      | Reached skill level 5 in Unarmed Combat
  2790 | D:3      | Reached XP level 5. HP: 31/33 MP: 8/8
  3775 | D:4      | HP: 1/33 [orc wizard/+0 dagger (1)]
  3776 | D:4      | Reached skill level 6 in Unarmed Combat
  4172 | D:4      | Noticed Grinder
  4176 | D:4      | Paralysed by Grinder for 2 turns
  4182 | D:4      | Paralysed by Grinder for 7 turns
  4184 | D:4      | Killed from afar by Grinder

Illustrated notes

Levels and vault maps discovered:
D:1:      dpeg_arrival_ternary, layout_basic, minmay_misc_feat_tiny
D:2:      minmay_skewed_foursquare, layout_loops_ring, xom_teletrap_fun,
          grunt_decor_resistance, minmay_misc_feat_rows
D:3:      layout_rooms, first_ration, st_stairs_13
D:4:      layout_basic, minmay_misc_feat_rugged, uniq_natasha, uniq_grinder

Skill      XL: |  1  2  3  4  5 |
---------------+----------------+-----
Unarmed Combat | 4 5 6 |  6.0
Fighting       | |  1.0
Dodging        | |  2.0
Spellcasting   | |  2.1
Transmutations | |  2.2

Action                   |  1- 3 |  4- 6 || total
-------------------------+-------+-------++-------
Melee: Unarmed           |    63 |    95 ||   158
       Constrict         |    16 |    27 ||    43
       Tentacles         |     7 |    11 ||    18
       Kick              |     4 |     5 ||     9
       Punch             |     1 |     3 ||     4
 Cast: Beastly Appendage |     3 |     4 ||     7
  Use: Potion            |     1 |     3 ||     4
       Scroll            |       |     9 ||     9
 Stab: Sleeping          |     3 |     5 ||     8
  Eat: Chunk             |     2 |     6 ||     8
       Ration            |       |     1 ||     1
Armor: Skin              |     8 |    10 ||    18
Dodge: Dodged            |    40 |    59 ||    99
